 Dungeon Crawl Stone Soup version 0.23.2-1-ga50397a (webtiles) character file.

Game seed: 11008040906649345144

12665 myga the Cleaver (level 11, -2/95 HPs)
             Began as a Hill Orc Fighter on May 11, 2019.
             Was an Elder of Beogh.
             Killed from afar by a red draconian (9 damage)
             ... with a searing blast
             ... in a volcano.
             The game lasted 01:08:57 (9570 turns).

myga the Cleaver (Hill Orc Fighter)                 Turns: 9570, Time: 01:08:57

Health: -2/95      AC: 27    Str: 24    XL:     11   Next: 96%
Magic:  12/15      EV:  4    Int:  8    God:    Beogh [****..]
Gold:   707        SH: 17    Dex: 13    Spells: 10/10 levels left

rFire    + . .     SeeInvis +   i - +7 broad axe (chop)
rCold    + + .     Gourm    .   y - +5 shield "Omijiuno" {rPois MR++ SInv}
rNeg     . . .     Faith    .   d - +7 crystal plate armour
rPois    +         Spirit   .   (no helmet)
rElec    +         Reflect  .   (no cloak)
rCorr    +         Harm     .   (no gloves)
MR       +++..                  B - +0 pair of boots
Stlth    ..........             s - amulet of Wonder {+Rage rC+ Str+4}
HPRegen  0.25/turn              q - ring of protection from magic
MPRegen  0.14/turn              (no ring)

@: resistant (expiring), berserk cooldown, flying, slowed, very slow
A: no striking features
a: Smiting, Recall Orcish Followers, Renounce Religion, Evoke Berserk Rage


You were in a volcano.
You worshipped Beogh.
Beogh was greatly pleased with you.
You were not hungry.

You visited 3 branches of the dungeon, and saw 12 of its levels.
You also visited: Bailey and Volcano.

You collected 707 gold pieces.

Inventory:

Hand Weapons
 i - a +7 broad axe of chopping (weapon)
Missiles
 h - 216 stones (quivered)
 E - 2 exploding tomahawks
Armour
 d - a +7 crystal plate armour (worn)
 j - a +0 large shield
 y - the +5 shield "Omijiuno" (worn) {rPois MR++ SInv}
   (You found it on level 6 of the Dungeon)

   It protects you from poison.
   It affects your resistance to hostile enchantments.
   It lets you see invisible.
 B - a +0 pair of boots (worn)
Jewellery
 q - a ring of protection from magic (left hand)
 s - the amulet of Wonder (around neck) {+Rage rC+ Str+4}
   (You found it on level 8 of the Dungeon)

   [amulet of rage]

   It affects your strength (+4).
   It protects you from cold.
   It lets you go berserk.
Wands
 a - a wand of paralysis (3)
 r - a wand of polymorph (10)
 t - a wand of clouds (2)
 C - a wand of enslavement (9)
Scrolls
 b - a scroll of immolation
 c - a scroll of summoning
 e - 2 scrolls of blinking
 g - 8 scrolls of remove curse
 m - a scroll of silence
 o - 3 scrolls of amnesia
 p - 4 scrolls of teleportation
 w - 2 scrolls of fear
 x - a scroll of fog
Potions
 k - 2 potions of brilliance
 l - a potion of mutation
 n - 2 potions of lignification
 A - 3 potions of curing
Comestibles
 f - 22 rations


   Skills:
 + Level 8.7 Fighting
 + Level 14.7 Axes
 - Level 0.8 Throwing
 + Level 8.6 Armour
 + Level 0.7 Dodging
 + Level 3.6 Stealth
 + Level 9.4 Shields
 + Level 5.9 Invocations
 + Level 3.4 Evocations


You had 10 spell levels left.
You didn't know any spells.
Your spell library contained the following spells:

 Spells                   Type           Power        Failure   Level  Hunger
 Beastly Appendage        Tmut           #.....       100%        1    ##.....
 Infusion                 Chrm           #...         100%        1    ##.....
 Magic Dart               Conj           #...         100%        1    ##.....
 Shock                    Conj/Air       #...         100%        1    ##.....
 Blink                    Tloc           N/A          100%        2    ###....
 Call Imp                 Summ           #.......     100%        2    ###....
 Shroud of Golubria       Chrm/Tloc      #.........   100%        2    ###....
 Slow                     Hex            #.......     100%        2    ###....
 Song of Slaying          Chrm           #.......     100%        2    ###....
 Sticks to Snakes         Tmut           #.......     100%        2    ###....
 Swiftness                Chrm/Air       #.......     100%        2    ###....
 Conjure Flame            Conj/Fire      #.......     100%        3    ####...
 Mephitic Cloud           Conj/Pois/Air  #.......     100%        3    ####...
 Regeneration             Chrm/Necr      #.........   100%        3    ####...
 Spectral Weapon          Hex/Chrm       #.......     100%        3    ####...
 Spider Form              Tmut/Pois      #.........   100%        3    ####...
 Static Discharge         Conj/Air       #.......     100%        3    ####...
 Airstrike                Air            #.........   100%        4    #####..
 Ice Form                 Ice/Tmut       #.......     100%        4    #####..
 Blade Hands              Tmut           #.........   100%        5    ######.
 Bolt of Magma            Conj/Fire/Erth #.........   100%        5    ######.
 Iskenderun's Battlesphe  Conj/Chrm      #.......     100%        5    ######.
 Lightning Bolt           Conj/Air       #.........   100%        5    ######.
 Venom Bolt               Conj/Pois      #.........   100%        5    ######.
 Iron Shot                Conj/Erth      #.........   100%        6    #######
 Orb of Destruction       Conj           #.........   100%        7    #######
 Spellforged Servitor     Conj/Summ      #.........   100%        7    #######


Dungeon Overview and Level Annotations

Branches:
Dungeon (10/15)            Temple (1/1) D:5            Lair (1/6) D:10
    Orc: D:9-12

Altars:
Ashenzari
Cheibriados
Dithmenos
Elyvilon
Fedhas
Gozag
Hepliaklqana
Kikubaaqudgha
Makhleb
Nemelex Xobeh
Okawaru
Qazlal
Ru
Sif Muna
Trog
Uskayaw
Vehumet
Wu Jian
Xom
Yredelemnul
Zin
The Shining One


Message History

Aiming: Smiting
Press: ? - help, Dir - move target cursor, f - red draconian, p - ogre mage Smite: a red draconian, wielding a +0 halberd of flaming and wearing a +0 cloak (flame, lightly wounded)
You smite the red draconian!
The red draconian is moderately wounded.
You start to feel less resistant.
The two-headed ogre seems less confused.
Your molten gargoyle hits the two-headed ogre with a +4 flail.
The two-headed ogre is engulfed in flames!
Your toenail golem hits the two-headed ogre.
The two-headed ogre dies!
Beogh accepts your kill.
The red draconian is engulfed in blazing flames.
The red draconian breathes flames at you.
The searing blast hits you! You resist.
* * * LOW HITPOINT WARNING * * *
Okay, then.
The red draconian breathes flames at you.
The searing blast hits your lindwurm!! The searing blast hits you! You resist.
You die...

§ #######
≈###!!$![# #≈
##.#.$.$.# #≈≈
#..'.$.!.+
≈≈§§##..'.._..+
≈≈§§#...#.....#
≈≈≈§#...#######
≈§≈≈#...'$).§@+
§≈≈#...#.8≈k.#
#..)#89≈≈8#
##..'.d≈..+
#○§).....+
§##.#8...8# ≈
≈≈###.....###§§
≈≈≈≈≈.....≈°≈≈§
#≈°≈≈8...8≈≈§≈§


You could see a red draconian, a friendly toenail golem, a friendly lindwurm and
a friendly molten gargoyle.

Vanquished Creatures
  Erolcha (D:9)
  3 two-headed ogres
  An ogre mage (D:10)
  5 orc knights (Bailey)
  A troll (D:9)
  A hippogriff (D:9)
  2 wyverns (D:10)
  A yak (D:10)
  2 hogs (D:10)
  Duvessa (D:5)
  A porcupine (Lair:1)
  A water moccasin (D:5)
  A swamp drake (D:10)
  5 orc warriors (Bailey)
  3 sky beasts
  5 ogres
  4 centaurs
  A big kobold (D:7)
  8 bullfrogs
  A wyvern skeleton (D:7)
  Dowan (D:5)
  3 scorpions
  A water moccasin skeleton (D:9)
  3 killer bees (D:10)
  14 wights
  4 howler monkeys
  5 crimson imps
  2 quasits
  3 hounds
  2 bullfrog skeletons
  2 gnoll shamans
  8 orc priests
  8 orc wizards
  2 centaur skeletons
  5 iguanas
  Natasha (D:3)
  10 worker ants
  Ijyb (D:5)
  2 worker ant zombies
  7 gnolls
  7 adders
  A shadow imp (D:6)
  An ooze (D:1)
  An adder zombie (D:6)
  2 worms
  A dart slug (D:1)
  2 leopard geckos
  16 orcs
  4 bats
  8 giant cockroaches
  12 goblins
  6 hobgoblins
  10 jackals
  4 quokkas
  6 frilled lizards
  12 kobolds
  A quokka skeleton (D:5)
  2 quokka zombies (D:6)
  7 rats
235 creatures vanquished.

Vanquished Creatures (collateral kills)
  A centaur warrior (D:10)
  A two-headed ogre (Volcano)
  A komodo dragon (D:10)
  A hornet (D:10)
  A wyvern (D:10)
  A human (D:10)
  A hog (D:10)
  2 orc warriors
  2 ogres
  A phantom (D:9)
  A centaur (D:9)
  A bullfrog (D:10)
  A scorpion (D:9)
  2 killer bees (D:10)
  A crimson imp (D:9)
  An orc wizard (D:10)
  2 worker ants
  An adder (D:10)
  An adder skeleton (D:9)
  8 orcs
  A jackal (D:9)
32 creatures vanquished.

Vanquished Creatures (others)
  An orc priest (D:10)
  3 orc warriors
  An orc wizard (D:6)
  28 orcs
  A giant cockroach (D:3)
  A bat (D:3)
35 creatures vanquished.

Grand Total: 302 creatures vanquished

Notes
Turn   | Place    | Note
-------+----------+-------------------------------------------
     0 | D:1      | myga the Hill Orc Fighter began the quest for the Orb.
     0 | D:1      | Reached XP level 1. HP: 19/19 MP: 1/1
     2 | D:1      | You fall through a shaft!
    90 | D:1      | Reached XP level 2. HP: 27/27 MP: 2/2
   147 | D:1      | Reached skill level 3 in Axes
   342 | D:1      | Reached XP level 3. HP: 33/33 MP: 3/3
  1122 | D:2      | Found a shimmering altar of Xom.
  1124 | D:2      | Found a bloodstained altar of Trog.
  1124 | D:2      | Found a white marble altar of Elyvilon.
  1126 | D:2      | Found an opulent altar of Gozag.
  1126 | D:2      | Found an iron altar of Okawaru.
  1126 | D:2      | Found a stormy altar of Qazlal.
  1412 | D:3      | Became a worshipper of Beogh the Brigand
  1436 | D:3      | Reached XP level 4. HP: 41/41 MP: 4/4
  1528 | D:3      | Reached skill level 4 in Axes
  1690 | D:3      | Noticed Natasha
  1702 | D:3      | Killed Natasha
  2122 | D:4      | Reached XP level 5. HP: 47/47 MP: 5/5
  2129 | D:4      | Reached skill level 5 in Axes
  2308 | D:4      | Noticed an ogre
  2314 | D:4      | Killed an ogre
  2314 | D:4      | Reached XP level 6. HP: 53/53 MP: 6/6
  2339 | D:4      | Reached skill level 6 in Axes
  2389 | D:4      | Reached skill level 5 in Fighting
  2427 | D:4      | Reached * piety under Beogh
  2693 | D:4      | Found a shattered altar of Ashenzari.
  2718 | D:4      | Found a sparkling altar of Nemelex Xobeh.
  2729 | D:4      | Reached skill level 1 in Evocations
  2731 | D:4      | Reached XP level 7. HP: 57/61 MP: 6/8
  3211 | D:5      | Entered Level 5 of the Dungeon
  3213 | D:5      | Noticed Ijyb
  3216 | D:5      | Reached skill level 7 in Axes
  3225 | D:5      | Killed Ijyb
  3318 | D:5      | Reached skill level 8 in Axes
  3318 | D:5      | Reached skill level 5 in Armour
  3318 | D:5      | Reached XP level 8. HP: 19/69 MP: 9/9
  3435 | D:5      | Noticed Duvessa
  3438 | D:5      | Noticed Dowan
  3447 | D:5      | Killed Duvessa
  3447 | D:5      | Reached skill level 5 in Shields
  3450 | D:5      | Killed Dowan
  3663 | D:5      | Found a staircase to the Ecumenical Temple.
  3681 | Temple   | Entered the Ecumenical Temple
  3846 | D:5      | Found a glowing silver altar of Zin.
  3846 | D:5      | Noticed an angel
  3913 | D:5      | Got an opalescent robe
  3924 | D:5      | Identified the +1 robe of Ennui {Int+5 Dex-4} (You found it
                  | on level 5 of the Dungeon)
  4201 | D:6      | Reached skill level 9 in Axes
  4873 | D:6      | Reached ** piety under Beogh
  4959 | D:6      | Reached skill level 10 in Axes
  4987 | D:6      | Reached XP level 9. HP: 49/75 MP: 10/10
  5109 | D:6      | Got a polished shield
  5123 | D:6      | Identified the +5 shield "Omijiuno" {rPois MR++ SInv} (You
                  | found it on level 6 of the Dungeon)
  5334 | D:6      | Reached skill level 1 in Stealth
  5335 | D:6      | Reached skill level 1 in Invocations
  5649 | D:7      | Reached *** piety under Beogh
  5736 | D:7      | Found a flagged portal.
  5752 | Bailey   | Entered a bailey
  5810 | Bailey   | Reached skill level 11 in Axes
  5861 | Bailey   | Noticed an orc knight
  5861 | Bailey   | Noticed an orc knight
  5861 | Bailey   | Noticed an orc knight
  5864 | Bailey   | Noticed an orc knight
  5886 | Bailey   | Killed an orc knight
  5894 | Bailey   | Killed an orc knight
  5894 | Bailey   | Reached XP level 10. HP: 15/86 MP: 6/13
  5897 | Bailey   | Killed an orc knight
  5897 | Bailey   | Reached skill level 12 in Axes
  5897 | Bailey   | Reached skill level 5 in Invocations
  5900 | Bailey   | Killed an orc knight
  5978 | Bailey   | Noticed an orc knight
  5996 | Bailey   | Killed an orc knight
  6292 | D:7      | Found an opulent altar of Gozag.
  6324 | D:7      | Identified a scroll of acquirement
  6670 | D:7      | Found a faded altar of an unknown god.
  6670 | D:7      | Found a faded altar of an unknown god.
  6696 | D:7      | Found a blossoming altar of Fedhas.
  6703 | D:7      | Found a snail-covered altar of Cheibriados.
  6705 | D:7      | Found an iron altar of Okawaru.
  7008 | D:8      | Got an encrusted buckler
  7022 | D:8      | Identified the +0 buckler of the Immovable People {rElec
                  | rCorr Int+3} (You found it on level 8 of the Dungeon)
  7190 | D:8      | Noticed a two-headed ogre
  7200 | D:8      | Killed a two-headed ogre
  7210 | D:8      | Got a serpentine platinum amulet
  7218 | D:8      | Identified the amulet of Wonder {+Rage rC+ Str+4} (You
                  | found it on level 8 of the Dungeon)
  7554 | D:9      | Reached skill level 13 in Axes
  7555 | D:9      | Noticed Erolcha
  7563 | D:9      | Reached XP level 11. HP: 93/93 MP: 15/15
  7566 | D:9      | Reached **** piety under Beogh
  7571 | D:9      | Killed Erolcha
  8108 | D:10     | Entered Level 10 of the Dungeon
  8385 | D:10     | Noticed a centaur warrior
  8391 | D:10     | Reached skill level 14 in Axes
  8393 | D:10     | Killed a centaur warrior
  8625 | D:10     | Found a staircase to the Lair.
  8908 | D:10     | Noticed an ogre mage
  8917 | D:10     | Killed an ogre mage
  9449 | Lair:1   | Entered Level 1 of the Lair of Beasts
  9486 | Lair:1   | Found a dark tunnel.
  9499 | Volcano  | Entered a volcano
  9536 | Volcano  | Noticed an ogre mage
  9540 | Volcano  | Found a radiant altar of Vehumet.
  9541 | Volcano  | Noticed a red draconian
  9543 | Volcano  | Noticed a two-headed ogre
  9548 | Volcano  | Noticed a two-headed ogre
  9549 | Volcano  | Noticed a two-headed ogre
  9550 | Volcano  | Killed a two-headed ogre
  9555 | Volcano  | Killed a two-headed ogre
  9569 | Volcano  | Killed a two-headed ogre
  9570 | Volcano  | Killed from afar by a red draconian

Skill      XL: |  1  2  3  4  5  6  7  8  9 10 11 |
---------------+----------------------------------+-----
Fighting       | 4 5 6 7 8 |  8.7
Axes           | 3 4 5 6 8 10 11 13 14 | 14.7
Shields        | 4 5 6 7 9 |  9.4
Armour         | 4 5 6 7 8 |  8.6
Evocations     | 1 2 3 |  3.4
Stealth        | 1 2 3 |  3.6
Invocations    | 4 5 |  5.9
Throwing       | |  0.8
Dodging        | |  0.7

Action                   |  1- 3 |  4- 6 |  7- 9 | 10-12 || total
-------------------------+-------+-------+-------+-------++-------
Melee: War axe           |   126 |   142 |   353 |     8 ||   629
       Broad axe         |       |       |       |   200 ||   200
Throw: Stone             |     8 |    18 |    24 |    21 ||    71
Invok: Convert to Beogh  |     1 |       |       |       ||     1
       Smiting           |       |       |     2 |     6 ||     8
       Recall Orcish Fol |       |       |       |     3 ||     3
 Abil: Evoke Berserk Rag |       |       |       |     2 ||     2
Evoke: Wand              |       |     9 |    19 |     7 ||    35
  Use: Scroll            |     3 |     2 |    11 |    24 ||    40
       Potion            |       |     1 |    10 |     4 ||    15
 Stab: Invisible         |       |       |     4 |       ||     4
       Confused          |       |       |     2 |     3 ||     5
       Distracted        |       |       |     1 |     4 ||     5
  Eat: Chunk             |    24 |     6 |    10 |     5 ||    45
Armor: Scale mail        |    21 |       |       |       ||    21
       Chain mail        |    24 |       |       |       ||    24
       Plate armour      |    37 |    75 |   156 |       ||   268
       Crystal plate arm |       |       |       |   101 ||   101
Dodge: Dodged            |    24 |    22 |    31 |    15 ||    92
Block: Shield            |    79 |    63 |   180 |   159 ||   481
